Map: Frozen Temple

Players

Miszu - Winner!

  • Race: Terran Terran
  • League: Master

Flash

  • Race: Zerg Zerg
  • League: Master

VOD

Have the link to the VOD?

Description

Time

  • Played on: June 26, 2016, 10:54 a.m.
  • Length: 5:28
Show
View Real Time Build Order
Export as new Build Order

Miszu Terran - Winner!

Build Orders: Reaper Expand 

Get SALT Encoding   

  12  0:01  SCV  
  13  0:13  SCV  
  14  0:18  Supply Depot  
  14  0:25  SCV  
  15  0:40  SCV  
  15  0:41  Barracks  
  16  0:46  Refinery  
  16  0:52  SCV  
  17  1:04  SCV  
  18  1:16  SCV  
  19  1:29  Orbital Command  
  19  1:30  Reaper  
  20  1:43  Command Center  
  20  1:54  Supply Depot  
  20  1:56  SCV  
  21  2:03  Refinery  
  21  2:07  Barracks Reactor  
  21  2:12  SCV  
  22  2:24  Factory, SCV  
  23  2:40  SCV  
  24  2:44  Marine  
  24  2:45  Marine  
  26  2:52  SCV  
  26  2:55  Orbital Command  
  27  3:02  Marine x2  
  27  3:05  SCV  
  30  3:09  Starport, Factory Reactor  
  30  3:17  SCV  
  31  3:20  Marine x2, SCV  
  34  3:29  SCV  
  34  3:33  SCV  
  36  3:38  Marine x2  
  36  3:41  SCV  
  40  3:50  Supply Depot  
  40  3:53  Medivac x2  
  40  3:55  Supply Depot, Widow Mine  
  45  3:57  SCV  
  46  4:09  Liberator  
  46  4:12  Marine x2, SCV  
  49  4:17  SCV  
  49  4:19  Command Center  
  49  4:22  Supply Depot  
  50  4:24  SCV  
  50  4:28  Liberator  
  50  4:29  SCV  
  55  4:38  Marine x2, SCV, Factory Tech Lab  
  57  4:41  SCV  
  57  4:43  Engineering Bay  
  57  4:44  Engineering Bay  
  59  4:51  SCV  
  63  4:53  Supply Depot, SCV  
  63  4:56  Marine  
Show
View Real Time Build Order
Export as new Build Order

Flash Zerg 

Build Orders: Hatch First 

Get SALT Encoding   

  12  0:01  Drone  
  13  0:12  Overlord  
  13  0:17  Drone  
  14  0:24  Extractor, Drone  
  15  0:31  Drone  
  15  0:35  Drone  
  17  0:54  Hatchery  
  17  0:56  Drone  
  17  1:08  Drone  
  18  1:14  Spawning Pool  
  18  1:16  Drone  
  18  1:23  Extractor  
  18  1:24  Overlord  
  17  1:30  Drone  
  18  1:38  Drone  
  19  2:02  Queen  
  19  2:08  Queen  
  21  2:09  Drone x3  
  21  2:14  Zergling x2  
  27  2:20  Drone  
  28  2:23  Drone  
  28  2:34  Extractor  
  28  2:35  Extractor  
  28  2:36  Spore Crawler  
  25  2:41  Drone x3  
  30  2:54  Overlord  
  30  2:55  Drone x2  
  32  3:02  Lair  
  32  3:05  Queen  
  32  3:08  Metabolic Boost  
  34  3:22  Drone x4  
  34  3:23  Drone x4  
  42  3:32  Extractor  
  42  3:34  Extractor, Drone x3  
  42  3:36  Extractor  
  42  3:52  Overlord x2  
  42  3:56  Drone x2  
  42  3:59  Overlord  
  44  4:19  Infestation Pit, Zergling x2  
  44  4:20  Zergling x10  
  44  4:21  Nydus Network  
  44  4:22  Queen  
  50  4:28  Drone x2  
  52  4:36  Drone x2  
  52  4:37  Drone x2  
  56  4:44  Drone  
  56  4:45  Drone x2  
  59  4:50  Overlord  
Tags
 
Add a new tag
Caveats
  • Supply blocks, unpowered buildings, or Contaminate may cause inaccurate times.
  • Supply counts are checked every 10 seconds.